 Dungeon Crawl Stone Soup version 0.27-a0-1046-g98bf31544f (webtiles) character file.

Game seed: 3044733811642301815

210 Morbidden the Magician (level 5, -4/37 HPs)
             Began as a Djinni Necromancer on Apr 19, 2021.
             Slain by a gnoll
             ... wielding a +1 whip of electrocution
              (8 damage)
             ... on level 2 of the Dungeon.
             The game lasted 00:03:32 (3127 turns).

Morbidden the Magician (Djinni Necromancer)         Turns: 3127, Time: 00:03:33

Health: -4/37      AC:  5    Str:  7    XL:     5   Next: 87%
Gold:   78         EV: 12    Int: 17    God:
                   SH:  0    Dex: 14

rFire    + + .     SeeInvis .   a - +3 dagger (venom)
rCold    x . .     Faith    .   (no shield)
rNeg     . . .     Spirit   .   g - +2 robe {Will+}
rPois    ∞         Reflect  .   i - +0 helmet
rElec    .         Harm     .   (no cloak)
rCorr    .         Rampage  .   (no gloves)
Will     +....                  (boots unavailable)
Stlth    ++........             (no amulet)
HPRegen  0.12/turn              (no ring)
MPRegen  0.00/turn              (no ring)

@: flying
A: fire resistance 2, cold vulnerability 1, float, innate caster, hp casting,
extra vitality 1
a: no special abilities


You were on level 2 of the Dungeon.
You visited 1 branch of the dungeon, and saw 2 of its levels.

You collected 78 gold pieces.

Inventory:

Hand Weapons
 a - a +3 dagger of venom (weapon)
Armour
 g - a +2 robe of willpower (worn)
 i - a +0 helmet (worn)
Scrolls
 c - 2 scrolls of fog {unknown}
 e - 2 scrolls of identify {unknown}
 f - a scroll of fear {unknown}
 h - a scroll of enchant weapon {unknown}
Potions
 b - a potion of mutation {unknown}
 d - a potion of curing {unknown}


   Skills:
 * Level 1.2 Fighting
 * Level 2.5 Dodging
 + Level 2.0 Stealth
 * Level 5.5 Spellcasting


You couldn't memorise any spells.
You knew the following spells:

 Your Spells              Type           Power      Damage    Failure   Level
a - Pain                  Necr           92%        1d8       1%          1
b - Vampiric Draining     Necr           11%        2d7       4%          3
c - Animate Skeleton      Necr           46%        N/A       1%          1
d - Animate Dead          Necr           11%        N/A       14%         4
e - Agony                 Necr           23%        N/A       36%         5
f - Foxfire               Conj/Fire      92%        2x1d8     1%          1
g - Searing Ray           Conj           46%        3d4       1%          2
Your spell library was empty.

Dungeon Overview and Level Annotations

Branches:
Dungeon (2/15)

Altars:


Innate Abilities, Weirdness & Mutations

You are immune to poison.
Your flesh is very heat resistant. (rF++)
You are vulnerable to cold. (rC-)
You float through the air rather than walking.
You learn spells naturally, not from books.
Your magical power is your life essence.
You have superior vitality. (+4 HP)


Message History

a +0 dagger; a +0 dagger
Casting: Pain (safe; 1% risk of failure)
Confirm with . or Enter, or press ? or * to list all spells.
Aiming: Vampiric Draining (dangerous; 4% risk of failure)
Press: ? - help, Shift-Dir - straight line, f - gnoll
Aim: a gnoll, wielding a +0 quarterstaff You draw life force from the gnoll.
You feel life coursing into your body.
Unknown command.
Casting: Vampiric Draining (dangerous; 4% risk of failure)
Confirm with . or Enter, or press ? or * to list all spells.
Aiming: Vampiric Draining (dangerous; 4% risk of failure)
Press: ? - help, Shift-Dir - straight line, f/p - gnoll
Aim: a gnoll, wielding a +0 quarterstaff (moderately wounded)
You draw life force from the gnoll!
You feel life coursing into your body.
The gnoll hits you with a +0 quarterstaff!
The gnoll barely misses you.
Unknown command.
Unknown command.
A goblin comes into view. It is wielding a +0 club.
The goblin shouts!
The gnoll hits you with a +0 quarterstaff!
Casting: Vampiric Draining (dangerous; 4% risk of failure)
Confirm with . or Enter, or press ? or * to list all spells.
Aiming: Vampiric Draining (dangerous; 4% risk of failure)
Press: ? - help, Shift-Dir - straight line, f/p - gnoll
Aim: a gnoll, wielding a +0 quarterstaff (severely wounded)
You draw life force from the gnoll!
You kill the gnoll!
You feel life coursing into your body.
A gnoll comes into view.
It is wielding a +1 whip of electrocution.
The gnoll hits you but does no damage.
Unknown command.
The gnoll closely misses you.
Unknown command.
The gnoll closely misses you. The goblin hits you but does no damage.
The gnoll hits you with a +1 whip of electrocution!
* * * LOW HITPOINT WARNING * * *
You are electrocuted!
You die...

..###..#### ....# #.#.
#.#........ ....# #.#.#
#...P♣..### ....# #.#.#
#...♣♣P..#. .... #.#.#
##.♣♣♣...#. ... ##.#.# #.♣.P.....
#.# #....#####P....###. #.##
#....##..)...P.# #. ..(#
#.@...)..P♣.P..###.
##.############gg..#...♣♣♣...##..
...........)..gg...#..P.♣♣P).##.≈
.#......#..###.#.#.###.....#.##.≈
..........####.#.#.#####..##.##.≈
..#....#..##........# ##..#.##..
..........##........######.#.###.
...#..#...##...............).# #.
..........##..............#..# #.


You could see 3 gnolls and a goblin.

Vanquished Creatures
  An ogre (D:2)
  Jessica (D:2)
  Robin (D:2)
  An adder (D:2)
  2 gnolls
  3 dart slugs
  2 ball pythons (D:1)
  5 endoplasms
  2 giant cockroaches (D:1)
  4 hobgoblins
  7 jackals (D:2)
  A quokka (D:1)
  2 bats
  3 frilled lizards (D:1)
  11 goblins (D:2)
  5 kobolds
  4 rats
55 creatures vanquished.

Vanquished Creatures (others)
  A bush (D:2)
  A fungus (D:2)
  11 plants (D:2)
13 creatures vanquished.

Grand Total: 68 creatures vanquished

Notes
Turn   | Place    | Note
-------+----------+-------------------------------------------
     0 | D:1      | Morbidden the Djinni Necromancer began the quest for the
                  | Orb.
     0 | D:1      | Reached XP level 1. HP: 15/15 MP: 0/0
   571 | D:1      | Reached XP level 2. HP: 11/22 MP: 0/0
   750 | D:1      | Reached skill level 4 in Spellcasting
  1054 | D:1      | Reached XP level 3. HP: 12/26 MP: 0/0
  1054 | D:1      | Learned a level 1 spell: Foxfire
  1894 | D:2      | Found a faded altar of an unknown god.
  1911 | D:2      | Noticed Jessica
  1916 | D:2      | Killed Jessica
  1917 | D:2      | Reached XP level 4. HP: 20/31 MP: 0/0
  2348 | D:2      | Noticed an ogre
  2353 | D:2      | Killed an ogre
  2354 | D:2      | Reached skill level 1 in Fighting
  2354 | D:2      | Reached skill level 5 in Spellcasting
  2354 | D:2      | Reached XP level 5. HP: 2/37 MP: 0/0
  2354 | D:2      | Learned a level 2 spell: Searing Ray
  3016 | D:2      | Noticed Robin
  3028 | D:2      | Killed Robin
  3127 | D:2      | Slain by a gnoll

Illustrated notes

Levels and vault maps discovered:
D:1:      scummos_arrival_star, layout_rooms, minmay_misc_feat_roman
D:2:      layout_basic, shapermc_ecumenical_altar_mp_urbaneastern,
          serial_forest, infiniplex_forest_straight_2,
          infiniplex_forest_clump_medium, infiniplex_forest_clump_C,
          infiniplex_forest_clump_tiny, infiniplex_forest_corner_1,
          infiniplex_forest_clump_double, infiniplex_forest_lined_corner,
          infiniplex_forest_fountain, corexii_item_surrounded_by_moat,
          minmay_misc_feat_more_columns, minmay_pentomino_v4, uniq_robin,
          uniq_jessica

Skill      XL: |  1  2  3  4 |
---------------+-------------+-----
Spellcasting   | 4 5 |  5.5
Fighting       | 1 |  1.2
Stealth        | 2 |  2.0
Dodging        | |  2.5

Action                   |  1- 3 |  4- 6 || total
-------------------------+-------+-------++-------
Melee: Unarmed           |     2 |       ||     2
       Dagger            |       |    21 ||    21
 Cast: Pain              |    51 |    15 ||    66
       Vampiric Draining |       |    16 ||    16
  Use: Scroll            |       |     1 ||     1
 Stab: Distracted        |       |     2 ||     2
Armor: Robe              |     1 |     6 ||     7
Dodge: Dodged            |     5 |    23 ||    28

Table legend: (Time is in decaauts)
 A = Elapsed time spent in this place.
 B = Non-inter-level travel time spent in this place.
 C = Inter-level travel time spent in this place.
 D = Time resting spent in this place.
 E = Time spent auto-exploring this place.
 F = Levels seen in this place.
 G = Mean time per level.
                   A        B        C        D        E       F      G
               +--------+--------+--------+--------+--------+-----+--------+
         Total |   3126 |   3117 |      9 |    448 |   2358 |   2 | 1563.0 |
       Dungeon |   3126 |   3117 |      9 |    448 |   2358 |   2 | 1563.0 |
               +--------+--------+--------+--------+--------+-----+--------+

Top non-repeatable levels by time:
     D:1: 1745 daAuts
     D:2: 1381 daAuts
